[Event "Titled Tuesday Blitz August 22 Late 2023"]
[White "Quirke, Jeffrey"]
[Black "Haitin, Ilja"]
[WhiteFideId "2013029"]
[BlackFideId "4501764"]
[WhiteElo "2168"]
[BlackElo "2362"]
[Result "0-1"]
[Round "7"]
[TimeControl "180+1"]
[Date "2023.08.22"]
[WhiteClock "0:00:35"]
[BlackClock "0:00:15"]
[Board "154"]

1. e4 e6 2. d4 d5 3. Bd3 dxe4 4. Bxe4 Nf6 5. Bf3 Bd6 6. Ne2 O-O 7. O-O e5 8. Nbc3 a6 9. a4 Re8 10. dxe5 Bxe5 11. Bg5 h6 12. Bh4 Qxd1 13. Rfxd1 Bf5 14. Rd2 Nc6 15. Bxc6 bxc6 16. f3 Rab8 17. b3 Nd5 18. Nxd5 Bxa1 19. Ne7+ Rxe7 20. Bxe7 f6 21. Bc5 Kf7 22. Kf2 g5 23. Bd4 Bxd4+ 24. Nxd4 Bd7 25. Rd3 c5 26. Ne2 Be6 27. Rc3 c4 28. Nd4 Rb4 29. Nxe6 Kxe6 30. Rxc4 Rxc4 31. bxc4 Kd6 32. Ke3 Kc5 33. Kd3 Kb4 34. Ke4 Kxa4 35. Kd5 Kb4 36. c5 a5 37. Kc6 a4 38. c3+ Kc4 0-1


[Site "https://www.chess.com"]

[Event "Titled Tuesday Blitz August 22 Late 2023"]
[White "Penagalapati, Abhinav"]
[Black "kiwibobo"]
[WhiteFideId "30938210"]
[WhiteElo "2197"]
[BlackElo "2296"]
[Result "1-0"]
[Round "7"]
[TimeControl "180+1"]
[Date "2023.08.22"]
[WhiteClock "0:00:53"]
[BlackClock "0:01:02"]
[Board "155"]

1. b3 d5 2. Bb2 c6 3. Nf3 Bf5 4. e3 e6 5. Be2 h6 6. O-O Nf6 7. c4 Be7 8. Nc3 O-O 9. h3 a5 10. d4 Ne4 11. Nxe4 Bxe4 12. Bd3 Bxd3 13. Qxd3 a4 14. e4 dxe4 15. Qxe4 Nd7 16. Bc3 axb3 17. axb3 Qb6 18. Qc2 Bb4 19. Bb2 Nf6 20. d5 cxd5 21. Bxf6 gxf6 22. cxd5 exd5 23. Qf5 Qe6 24. Qh5 Kh7 25. Rxa8 Rxa8 26. Nd4 Qe5 27. Qxf7+ Kh8 28. Nf3 Qe7 29. Qxd5 Rg8 30. Rd1 Qe2 31. Rd4 Bc5 32. Qe4 Qb2 33. Rd2 Qxb3 34. Nh4 Qc3 35. Rd7 Qg3 36. Qh7# 1-0


[Site "https://www.chess.com"]

[Event "Titled Tuesday Blitz August 22 Late 2023"]
[White "Hoffmann, Asa"]
[Black "Gutierrez Espinosa, Karen"]
[WhiteFideId "2001470"]
[BlackFideId "3513238"]
[WhiteElo "2284"]
[BlackElo "2112"]
[Result "1-0"]
[Round "7"]
[TimeControl "180+1"]
[Date "2023.08.22"]
[WhiteClock "0:01:41"]
[BlackClock "0:01:14"]
[Board "156"]

1. d4 d5 2. Bg5 f6 3. Bf4 Nc6 4. Nf3 Bg4 5. Nbd2 g5 6. Bg3 h5 7. h4 Bxf3 8. Nxf3 g4 9. Ng1 e5 10. e3 a6 11. a3 Bd6 12. c4 dxc4 13. Bxc4 exd4 14. Qb3 Bxg3 15. Bxg8 Bxf2+ 16. Kxf2 dxe3+ 17. Kf1 Qe7 18. Qxb7 Nd8 19. Qxa8 Rxg8 20. Rd1 Kf7 21. Qd5+ Kg6 22. Ne2 Ne6 23. Qxe6 Qxe6 24. Nf4+ Kf7 25. Nxe6 Kxe6 26. Ke2 f5 27. Kxe3 Ke5 28. g3 f4+ 29. gxf4+ 1-0


[Site "https://www.chess.com"]

[Event "Titled Tuesday Blitz August 22 Late 2023"]
[White "Mikhaylova, Irina"]
[Black "Adan Bermudez, Sergio"]
[WhiteFideId "4109040"]
[BlackFideId "2292726"]
[WhiteElo "2278"]
[BlackElo "1996"]
[Result "1-0"]
[Round "7"]
[TimeControl "180+1"]
[Date "2023.08.22"]
[WhiteClock "0:00:59"]
[BlackClock "0:00:00"]
[Board "157"]

1. Nf3 Nf6 2. c4 g6 3. Nc3 Bg7 4. e4 O-O 5. d4 d6 6. Be2 Nc6 7. d5 Nb8 8. O-O a5 9. Nd4 Na6 10. Be3 Nc5 11. f3 Bd7 12. Rb1 c6 13. Qd2 Re8 14. b3 Qc7 15. Rfc1 e5 16. dxe6 Bxe6 17. Rd1 Rad8 18. Rbc1 Bc8 19. Bf1 Qe7 20. Re1 Nfd7 21. Nde2 Ne5 22. Nf4 Bh6 23. Nd3 Bxe3+ 24. Rxe3 Nexd3 25. Bxd3 f5 26. Re2 Qg5 27. Qxg5 1-0


[Site "https://www.chess.com"]

[Event "Titled Tuesday Blitz August 22 Late 2023"]
[White "dorpato"]
[Black "Cardozo Munar, Carlos Eduardo"]
[BlackFideId "4409477"]
[WhiteElo "2025"]
[BlackElo "2274"]
[Result "0-1"]
[Round "7"]
[TimeControl "180+1"]
[Date "2023.08.22"]
[WhiteClock "0:00:05"]
[BlackClock "0:01:10"]
[Board "158"]

1. e4 e6 2. d4 d5 3. e5 c5 4. c3 Nc6 5. Nf3 Qb6 6. a3 Nh6 7. Bd3 cxd4 8. cxd4 Bd7 9. Bc2 Ng4 10. O-O h5 11. b4 a6 12. Bb2 Be7 13. Nc3 Rh6 14. h3 O-O-O 15. hxg4 hxg4 16. Na4 Qa7 17. Nh2 Rdh8 18. Qxg4 Rxh2 19. f3 R8h4 20. Qxg7 Nxd4 21. Qg8+ Kc7 22. Nc5 Bxc5 23. bxc5 Qxc5 24. Ba4 Ne2# 0-1


[Site "https://www.chess.com"]

[Event "Titled Tuesday Blitz August 22 Late 2023"]
[White "Mr_November18"]
[Black "Arias Igual, Alejandro"]
[BlackFideId "2254905"]
[WhiteElo "1966"]
[BlackElo "2271"]
[Result "0-1"]
[Round "7"]
[TimeControl "180+1"]
[Date "2023.08.22"]
[WhiteClock "0:00:00"]
[BlackClock "0:00:06"]
[Board "159"]

1. e4 c5 2. d4 cxd4 3. c3 d3 4. Bxd3 Nc6 5. Nf3 d6 6. c4 Bg4 7. Nc3 Nf6 8. h3 Bxf3 9. Qxf3 g6 10. Qe2 Bg7 11. Be3 O-O 12. Rc1 Nd7 13. O-O e6 14. b3 Qe7 15. Qd2 Rfd8 16. Rfd1 Nc5 17. Bb1 Bf6 18. Nb5 b6 19. Nd4 Nxd4 20. Bxd4 Bxd4 21. Qxd4 e5 22. Qd5 Ne6 23. Qd2 Kg7 24. Qe3 h5 25. Rd5 Rac8 26. Rcd1 Rc5 27. g3 Rxd5 28. exd5 Nf8 29. f4 f6 30. fxe5 fxe5 31. Rf1 a5 32. Qe4 Qg5 33. Kg2 h4 34. Qf3 Qxg3+ 35. Qxg3 hxg3 36. Kxg3 Nd7 37. Kg4 Rf8 38. Rxf8 Nxf8 39. Kg5 Nh7+ 40. Kg4 Kf6 41. h4 Nf8 42. Bc2 Nd7 43. Kf3 Nc5 44. Bb1 Kg7 45. Kg4 Kh6 46. Bc2 Nd7 47. a3 Nf6+ 48. Kg3 Kh5 49. b4 axb4 50. axb4 Nd7 51. Bd1+ Kh6 52. Ba4 Nf6 53. Bc2 Nh5+ 54. Kg4 Nf6+ 55. Kf3 Kh5 56. Kg3 g5 57. Bd1+ Kg6 58. hxg5 Kxg5 59. Bc2 Nd7 60. Kf3 Kf6 61. Ke4 Kg5 62. Bd3 Nf6+ 63. Ke3 Kg4 64. Bc2 Kg3 65. Kd3 Kf3 66. Kc3 Ke3 67. Bf5 Kf4 68. Bc2 Ke3 69. Bg6 e4 70. Bf7 Kf3 71. Kd4 e3 72. Kd3 e2 73. Kd2 Kf2 74. c5 e1=Q+ 75. Kd3 Qxb4 0-1


[Site "https://www.chess.com"]

[Event "Titled Tuesday Blitz August 22 Late 2023"]
[White "Alfaro, William"]
[Black "Burke, Paul"]
[WhiteFideId "6100457"]
[BlackFideId "2605767"]
[WhiteElo "2268"]
[BlackElo "1854"]
[Result "1-0"]
[Round "7"]
[TimeControl "180+1"]
[Date "2023.08.22"]
[WhiteClock "0:00:30"]
[BlackClock "0:00:00"]
[Board "160"]

1. e4 e5 2. Nf3 Nc6 3. Bc4 Be7 4. O-O Nf6 5. Re1 Nxe4 6. Rxe4 d5 7. Bxd5 Qxd5 8. Nc3 Qa5 9. d4 f5 10. Re1 e4 11. d5 Nb8 12. Nd4 O-O 13. Nb3 Qb4 14. Bf4 Bd6 15. Bxd6 cxd6 16. Qd4 Qxd4 17. Nxd4 Na6 18. f3 Nc5 19. fxe4 Nxe4 20. Nxe4 fxe4 21. Rxe4 Bf5 22. Nxf5 Rxf5 23. c4 Raf8 24. Rae1 Rf2 25. R4e2 R2f4 26. b3 h6 27. h3 R4f6 28. Re6 R8f7 29. Rxf6 Rxf6 30. Re7 Rf7 31. Rxf7 Kxf7 32. b4 Kf6 33. Kf2 Ke5 34. Ke3 g5 35. g4 b6 36. a4 1-0


[Site "https://www.chess.com"]

[Event "Titled Tuesday Blitz August 22 Late 2023"]
[White "Ai, Evan"]
[Black "cthake"]
[WhiteFideId "2094770"]
[WhiteElo "2265"]
[BlackElo "1841"]
[Result "0-1"]
[Round "7"]
[TimeControl "180+1"]
[Date "2023.08.22"]
[WhiteClock "0:00:07"]
[BlackClock "0:00:35"]
[Board "161"]

1. e4 c5 2. Nf3 Nc6 3. d4 cxd4 4. Nxd4 Nf6 5. Nc3 e5 6. Ndb5 d6 7. Bg5 a6 8. Na3 b5 9. Nd5 Be7 10. Bxf6 Bxf6 11. c4 b4 12. Nc2 a5 13. g3 Bg5 14. Bg2 O-O 15. h4 Bh6 16. O-O Ne7 17. b3 Nxd5 18. Qxd5 Be6 19. Qd3 Qe7 20. Rad1 Rad8 21. Ne3 g6 22. Nd5 Bxd5 23. Qxd5 Qc7 24. f4 exf4 25. gxf4 Qc5+ 26. Qxc5 dxc5 27. Rd5 Rxd5 28. exd5 Bg7 29. Kf2 Bd4+ 30. Kf3 Re8 31. Kg4 f5+ 32. Kg3 Re3+ 33. Bf3 Kf7 34. Rd1 Ke7 35. Rd2 Kd6 36. Re2 Rxe2 37. Bxe2 h6 38. h5 g5 39. fxg5 hxg5 40. h6 Be5+ 41. Kh3 Bh8 42. Bd3 Ke5 43. d6 Kxd6 44. Bxf5 Ke5 45. Kg4 Bf6 46. Bb1 Bh8 47. Kh5 Kf6 48. Kg4 Ke5 49. Kxg5 Kd4 50. Kg6 Kc3 51. Kh7 Bd4 52. Kg8 Kb2 53. Be4 Kxa2 54. Bc6 Kxb3 55. h7 Kxc4 56. h8=Q Bxh8 57. Kxh8 b3 58. Ba4 Kb4 59. Bc6 c4 60. Be4 c3 61. Kg7 c2 62. Kf6 0-1


[Site "https://www.chess.com"]

[Event "Titled Tuesday Blitz August 22 Late 2023"]
[White "Oliveira, Tiago Batista"]
[Black "disciplinedbrat"]
[WhiteFideId "2108291"]
[WhiteElo "2134"]
[BlackElo "2321"]
[Result "0-1"]
[Round "7"]
[TimeControl "180+1"]
[Date "2023.08.22"]
[WhiteClock "0:00:00"]
[BlackClock "0:01:22"]
[Board "162"]

1. d4 Nf6 2. c4 e6 3. g3 d5 4. Bg2 Be7 5. Nf3 O-O 6. O-O dxc4 7. Qc2 b5 8. a4 b4 9. Nbd2 c3 10. bxc3 bxc3 11. Qxc3 Nd5 12. Qc2 Bb7 13. Ba3 Nc6 14. Bxe7 Qxe7 15. e4 Ndb4 16. Qc3 Rfd8 17. Rfb1 a5 18. Nb3 Qf6 19. e5 Qg6 20. Nc5 Nd5 21. Qc1 Bc8 22. Nh4 Qg4 23. Ne4 Nxd4 24. f3 Ne2+ 25. Kh1 Qxh4 26. gxh4 Nxc1 27. Rxc1 Ba6 28. Ng5 h6 29. Ne4 Ne3 30. Nc5 Bc4 31. f4 Rab8 0-1


[Site "https://www.chess.com"]

[Event "Titled Tuesday Blitz August 22 Late 2023"]
[White "Kiseljova, Marya"]
[Black "laskakid"]
[WhiteFideId "4155009"]
[WhiteElo "2195"]
[BlackElo "2121"]
[Result "0-1"]
[Round "7"]
[TimeControl "180+1"]
[Date "2023.08.22"]
[WhiteClock "0:00:00"]
[BlackClock "0:00:35"]
[Board "163"]

1. d4 d5 2. c4 c6 3. Nf3 Nf6 4. g3 dxc4 5. Bg2 Bf5 6. O-O e6 7. Nh4 Nbd7 8. e4 Bg6 9. Bg5 Be7 10. Nd2 b5 11. a4 Bh5 12. Qc1 h6 13. Be3 Ng4 14. Nhf3 Nxe3 15. fxe3 O-O 16. b3 cxb3 17. Nxb3 Qb6 18. Nfd2 a5 19. e5 Rfc8 20. Qb2 Ra7 21. Ne4 b4 22. Rac1 c5 23. Rc4 Rac7 24. Rfc1 cxd4 25. Rxc7 Rxc7 26. Rxc7 Qxc7 27. exd4 Nb6 28. Nxa5 Nxa4 29. Qa1 Qxa5 30. Bf1 b3 31. Bd3 b2 32. Qa2 Qb4 33. Bb1 Bf3 34. Nd2 Bd5 0-1


[Site "https://www.chess.com"]

[Event "Titled Tuesday Blitz August 22 Late 2023"]
[White "Matute Escobar, Roxanny"]
[Black "Hilby, Craig"]
[WhiteFideId "3926028"]
[BlackFideId "2062674"]
[WhiteElo "2181"]
[BlackElo "2640"]
[Result "0-1"]
[Round "7"]
[TimeControl "180+1"]
[Date "2023.08.22"]
[WhiteClock "0:00:37"]
[BlackClock "0:01:51"]
[Board "164"]

1. e4 c5 2. Nf3 Nc6 3. d4 cxd4 4. Nxd4 Nf6 5. Nc3 e5 6. Ndb5 d6 7. Bg5 a6 8. Bxf6 gxf6 9. Na3 b5 10. Nd5 f5 11. c3 Bg7 12. Nc2 O-O 13. exf5 Bxf5 14. Nce3 Be6 15. a4 b4 16. cxb4 f5 17. Bc4 f4 18. Nc2 Qg5 19. O-O e4 20. Qd2 Ne5 21. Be2 Nf3+ 22. Bxf3 exf3 23. Nxf4 Qxf4 24. Qd1 fxg2 0-1


[Site "https://www.chess.com"]

[Event "Titled Tuesday Blitz August 22 Late 2023"]
[White "Nakamura, Hikaru"]
[Black "Sarana, Alexey"]
[WhiteFideId "2016192"]
[BlackFideId "24133795"]
[WhiteElo "3237"]
[BlackElo "3092"]
[Result "1-0"]
[Round "8"]
[TimeControl "180+1"]
[Date "2023.08.22"]
[WhiteClock "0:01:50"]
[BlackClock "0:01:35"]
[Board "1"]

1. c4 e6 2. d4 d5 3. Nc3 Nf6 4. cxd5 exd5 5. Bf4 Bd6 6. Bxd6 Qxd6 7. e3 Bf5 8. Qb3 Nbd7 9. a3 O-O 10. Rc1 c5 11. dxc5 Nxc5 12. Qb4 Rac8 13. Rd1 Rfe8 14. Nf3 b6 15. Bb5 Re7 16. O-O a6 17. Bxa6 Nfe4 18. Bxc8 1-0


[Site "https://www.chess.com"]

[Event "Titled Tuesday Blitz August 22 Late 2023"]
[White "Nihal Sarin"]
[Black "Xiong, Jeffery"]
[WhiteFideId "25092340"]
[BlackFideId "2047640"]
[WhiteElo "3155"]
[BlackElo "3010"]
[Result "1/2-1/2"]
[Round "8"]
[TimeControl "180+1"]
[Date "2023.08.22"]
[WhiteClock "0:00:05"]
[BlackClock "0:00:03"]
[Board "2"]

1. Nf3 Nf6 2. g3 d5 3. Bg2 c5 4. O-O h6 5. e3 Nc6 6. d4 Bg4 7. c4 e6 8. Qa4 Bxf3 9. Bxf3 cxd4 10. exd4 Be7 11. Nc3 O-O 12. cxd5 Nxd5 13. Nxd5 exd5 14. Be3 Bf6 15. Rfd1 Qd7 16. h4 Rfd8 17. Kg2 Ne7 18. Qxd7 Rxd7 19. Bg4 Rc7 20. Rac1 Rxc1 21. Rxc1 Nc6 22. Rd1 Rd8 23. h5 Kf8 24. f4 Ke7 25. Bf3 Kd6 26. g4 Re8 27. Bf2 Bd8 28. Bg3 Bb6 29. f5+ Ke7 30. Bxd5 Rd8 31. Bxc6 bxc6 32. Bh4+ f6 33. Bf2 Kd6 34. Kf3 Re8 35. b3 Kd5 36. Be3 Re4 37. Rd3 a5 38. a4 Bxd4 39. Bd2 c5 40. Bxa5 Re7 41. Bd2 c4 42. bxc4+ Kxc4 43. Ra3 Bb2 44. Re3 Ra7 45. a5 Bd4 46. Re6 Kd5 47. a6 Bc5 48. Be3 Bxe3 49. Kxe3 Rc7 50. Kd3 Kc5 51. Ke4 Rd7 52. Ke3 Kb5 53. Ke4 Kc5 54. Ke3 Kb5 55. Re4 Kxa6 56. Rb4 Ka5 57. Rb2 Ka6 58. Ke4 Rd8 59. Rb3 Rd7 60. Rb4 Ka5 61. Rd4 Re7+ 62. Kd5 Kb5 63. Kd6 Re3 64. Rd5+ Kb6 65. Kd7 Re4 66. Rd6+ Kc5 67. Rd1 Rxg4 68. Ke6 Rg5 69. Rd7 Kc4 70. Ra7 Kd4 71. Ra4+ Ke3 72. Kf7 Rxf5 73. Kxg7 Rxh5 74. Kxf6 Rh1 75. Kg6 h5 76. Kg5 h4 77. Rxh4 Rxh4 78. Kxh4 1/2-1/2


[Site "https://www.chess.com"]

[Event "Titled Tuesday Blitz August 22 Late 2023"]
[White "So, Wesley"]
[Black "Andreikin, Dmitry"]
[WhiteFideId "5202213"]
[BlackFideId "4158814"]
[WhiteElo "3096"]
[BlackElo "2993"]
[Result "0-1"]
[Round "8"]
[TimeControl "180+1"]
[Date "2023.08.22"]
[WhiteClock "0:00:00"]
[BlackClock "0:00:05"]
[Board "3"]

1. b3 g6 2. Bb2 Nf6 3. c4 Bg7 4. g3 O-O 5. Bg2 c5 6. Nf3 Nc6 7. O-O d6 8. d4 cxd4 9. Nxd4 Bd7 10. Nc3 Nxd4 11. Qxd4 Bc6 12. Nd5 Bxd5 13. cxd5 Nh5 14. Qd2 Qb6 15. Bxg7 Nxg7 16. Rac1 a5 17. Rc4 Rfc8 18. Rfc1 Rxc4 19. Rxc4 Ne8 20. g4 Nf6 21. g5 Nd7 22. Qc3 Ne5 23. Rc7 a4 24. b4 Kf8 25. e3 Kg8 26. h3 Re8 27. Rc8 Rxc8 28. Qxc8+ Kg7 29. Qc3 f6 30. f4 Nf7 31. Kf2 h6 32. gxf6+ exf6 33. a3 g5 34. Ke2 gxf4 35. exf4 Qg1 36. Qg3+ Kf8 37. Qf2 Qc1 38. Qe3 Qc2+ 39. Kf1 Qd1+ 40. Kf2 Qc2+ 41. Kg3 f5 42. Bf3 Qb2 43. Bh5 Qg7+ 44. Kf3 Qa1 45. Kg2 Qg7+ 46. Kh2 Qb2+ 47. Kg1 Qa1+ 48. Kf2 Qb2+ 49. Be2 h5 50. Kg3 Qg7+ 51. Kh2 Qb2 52. Kg3 Qg7+ 53. Kh2 Qb2 54. Qe6 h4 55. Qe3 Kg7 56. Kg1 Kf8 57. Bh5 Qa1+ 58. Kf2 Qb2+ 59. Kf3 Qa1 60. Kg2 Qb2+ 61. Kf1 Qa1+ 62. Kf2 Qb2+ 63. Kf3 Qa1 64. Qd3 Qg7 65. Qxf5 Qg3+ 66. Ke2 Qg2+ 67. Kd1 Qf1+ 68. Kd2 Qf2+ 69. Kd3 Qf1+ 70. Kc2 Qf2+ 71. Kc3 Qe1+ 72. Kc4 Qf1+ 73. Qd3 b5+ 74. Kc3 Qc1+ 75. Qc2 Qxa3+ 76. Kd2 Qxb4+ 77. Ke3 Qc5+ 0-1


[Site "https://www.chess.com"]

[Event "Titled Tuesday Blitz August 22 Late 2023"]
[White "Duda, Jan-Krzysztof"]
[Black "Vasquez Schroeder, Rodrigo"]
[WhiteFideId "1170546"]
[BlackFideId "3400042"]
[WhiteElo "3087"]
[BlackElo "2977"]
[Result "1-0"]
[Round "8"]
[TimeControl "180+1"]
[Date "2023.08.22"]
[WhiteClock "0:00:52"]
[BlackClock "0:00:28"]
[Board "4"]

1. e4 c5 2. Nf3 d6 3. Bc4 Nc6 4. c3 Nf6 5. d3 g6 6. O-O Bg7 7. h3 O-O 8. Re1 Na5 9. Bb5 a6 10. Ba4 b5 11. Bc2 e5 12. Bg5 h6 13. Bxf6 Qxf6 14. Nbd2 Bb7 15. a3 c4 16. dxc4 bxc4 17. Qe2 Qe6 18. Nf1 Bc6 19. Ne3 Rab8 20. Rab1 Rb6 21. Nd2 Rfb8 22. Ndxc4 Nxc4 23. Nxc4 Bb5 24. Bd3 Rc6 25. b3 Rc7 26. a4 Bc6 27. Ne3 a5 28. Bc4 Qe7 29. Nd5 Bxd5 30. Bxd5 Rbc8 31. b4 Rxc3 32. bxa5 Rc2 33. Qf3 R8c7 34. a6 R7c3 35. Qxf7+ Qxf7 36. a7 1-0


[Site "https://www.chess.com"]

[Event "Titled Tuesday Blitz August 22 Late 2023"]
[White "Keymer, Vincent"]
[Black "Sadhwani, Raunak"]
[WhiteFideId "12940690"]
[BlackFideId "35093487"]
[WhiteElo "2972"]
[BlackElo "3032"]
[Result "1/2-1/2"]
[Round "8"]
[TimeControl "180+1"]
[Date "2023.08.22"]
[WhiteClock "0:00:05"]
[BlackClock "0:00:07"]
[Board "5"]

1. Nf3 g6 2. c4 Bg7 3. Nc3 Nf6 4. g3 O-O 5. Bg2 c5 6. d4 cxd4 7. Nxd4 Nc6 8. O-O Qa5 9. e3 d6 10. Bd2 Qb6 11. Re1 Bd7 12. b3 Rac8 13. Rc1 h5 14. h3 Rfe8 15. Nf3 Ne5 16. Nxe5 dxe5 17. e4 Bc6 18. Nd5 Qd8 19. Bb4 Nd7 20. Qd2 e6 21. Nc3 Qb6 22. Bd6 Rcd8 23. b4 Qd4 24. Qxd4 exd4 25. Nb1 a6 26. e5 h4 27. g4 f6 28. exf6 Bxf6 29. Nd2 Bg5 30. f4 Bh6 31. Bxc6 bxc6 32. Ne4 e5 33. g5 Bg7 34. Bc7 Ra8 35. fxe5 Nxe5 36. Bxe5 Rxe5 37. Nf6+ Bxf6 38. gxf6 Rxe1+ 39. Rxe1 a5 40. b5 cxb5 41. cxb5 a4 42. Kf2 Rd8 43. Rb1 Kf7 44. Ke2 Kxf6 45. Kd3 Ke5 46. Rb4 Rb8 47. b6 Kf4 48. Rxd4+ Kg3 49. Rg4+ Kxh3 50. Rxg6 Kh2 51. Kc4 h3 52. a3 Kh1 53. Kb5 h2 54. Kxa4 Ra8+ 55. Kb4 Ra4+ 56. Kc5 Ra5+ 57. Kc6 Rxa3 58. Rh6 Rc3+ 59. Kd7 Rd3+ 60. Kc7 Rc3+ 61. Kd7 Rd3+ 62. Kc7 Rc3+ 63. Kd7 1/2-1/2


[Site "https://www.chess.com"]

[Event "Titled Tuesday Blitz August 22 Late 2023"]
[White "Ahmadzada, Ahmad"]
[Black "Martinez Alcantara, Jose Eduardo"]
[WhiteFideId "13413007"]
[BlackFideId "3805662"]
[WhiteElo "2971"]
[BlackElo "3027"]
[Result "0-1"]
[Round "8"]
[TimeControl "180+1"]
[Date "2023.08.22"]
[WhiteClock "0:00:02"]
[BlackClock "0:00:03"]
[Board "6"]

1. e4 c5 2. Nf3 d6 3. d4 cxd4 4. Nxd4 Nf6 5. Nc3 Nc6 6. Be2 e5 7. Nf3 h6 8. O-O Be6 9. Re1 Be7 10. Bf1 O-O 11. Nd5 Bxd5 12. exd5 Nb4 13. Bc4 Rc8 14. Bb3 Na6 15. c3 Nh7 16. Be3 Nc5 17. Qe2 Kh8 18. Rad1 Qc7 19. Bc2 f5 20. Bc1 Rce8 21. a4 Nd7 22. g3 Rf7 23. Be3 a6 24. Bc1 Ref8 25. Kh1 Qc8 26. a5 g5 27. c4 g4 28. Nd2 Bg5 29. b4 h5 30. Bb2 Qc7 31. c5 dxc5 32. Nc4 Bf6 33. Bxf5 Bg7 34. d6 Qc6+ 35. Be4 Qb5 36. Rf1 cxb4 37. h4 gxh3 38. Rd5 Qa4 39. Bxh7 Kxh7 40. Nxe5 Nxe5 41. Bxe5 Qc6 42. Qxh5+ Kg8 43. Bxg7 Rxg7 44. Kh2 b3 45. Rd2 Rd8 46. f3 b2 47. Re1 Qd7 48. Re7 Rxe7 49. dxe7 Qxd2+ 50. Kxh3 Qd7+ 51. g4 Qxe7 52. Qg6+ Qg7 53. Qe6+ Qf7 54. Qe5 Qxf3+ 0-1


[Site "https://www.chess.com"]

[Event "Titled Tuesday Blitz August 22 Late 2023"]
[White "Nguyen, Ngoc Truong Son"]
[Black "Pakleza, Zbigniew"]
[WhiteFideId "12401110"]
[BlackFideId "1119290"]
[WhiteElo "3018"]
[BlackElo "2864"]
[Result "0-1"]
[Round "8"]
[TimeControl "180+1"]
[Date "2023.08.22"]
[WhiteClock "0:00:00"]
[BlackClock "0:00:07"]
[Board "7"]

1. d4 d5 2. c4 c6 3. Nc3 Nf6 4. Nf3 Qb6 5. c5 Qc7 6. g3 Bf5 7. Bf4 Qc8 8. b4 a6 9. Bg2 h6 10. O-O e6 11. a4 Be7 12. b5 O-O 13. Qb3 Ne4 14. Bxb8 Rxb8 15. Nxe4 Bxe4 16. Ne5 Bh7 17. e3 Qc7 18. Rfd1 Bxc5 19. dxc5 Qxe5 20. Rd4 Qc7 21. Rc1 axb5 22. axb5 Ra8 23. Ra4 Rxa4 24. Qxa4 Bd3 25. b6 Qe7 26. Qd4 Ba6 27. f4 f6 28. Ra1 e5 29. Qc3 Kh8 30. h3 Re8 31. f5 Qd7 32. g4 d4 33. Qd2 Rd8 34. exd4 exd4 35. Re1 d3 36. Kh2 Qd4 37. Rc1 Re8 38. Bf3 Re3 39. Kg2 Qf4 40. Rf1 Re2+ 0-1


[Site "https://www.chess.com"]

[Event "Titled Tuesday Blitz August 22 Late 2023"]
[White "Matlakov, Maxim"]
[Black "ProphetReborn"]
[WhiteFideId "4168003"]
[WhiteElo "3016"]
[BlackElo "2828"]
[Result "1-0"]
[Round "8"]
[TimeControl "180+1"]
[Date "2023.08.22"]
[WhiteClock "0:00:03"]
[BlackClock "0:00:03"]
[Board "8"]

1. d4 Nf6 2. Nf3 d5 3. Bg5 c6 4. e3 Ne4 5. Bh4 Bf5 6. Nbd2 Nxd2 7. Qxd2 Nd7 8. Bd3 Bxd3 9. Qxd3 Nf6 10. Bxf6 exf6 11. O-O Bd6 12. c4 dxc4 13. Qxc4 O-O 14. b4 a6 15. a4 Qd7 16. Rfc1 Rfc8 17. Ne1 a5 18. bxa5 Rxa5 19. Nd3 Rca8 20. g3 h5 21. Nc5 Bxc5 22. dxc5 Qd5 23. Qb4 h4 24. gxh4 g6 25. h3 Kg7 26. Rc4 Qf3 27. Rf4 Qxh3 28. Qxb7 Qe6 29. Qb4 Qe5 30. Rc1 Rxa4 31. Qxa4 Rxa4 32. Rxa4 Qb2 33. Rac4 f5 34. Kg2 Qe2 35. Rd4 Kh6 36. Rcc4 f6 37. Rc1 Qb2 38. Rcd1 Qe2 39. R1d2 Qh5 40. Ra4 f4 41. Rxf4 Qxc5 42. Rxf6 Qc3 43. Rdd6 c5 44. Rxg6+ Kh7 45. h5 c4 46. Rc6 Qd3 47. Rc7+ Kh8 48. Rh6+ Kg8 49. Rg6+ Kh8 50. Rgc6 Qd5+ 51. f3 Qg5+ 52. Kf2 Qh4+ 53. Ke2 Qh2+ 54. Kd1 Qg1+ 55. Kd2 Qf2+ 56. Kc3 Qxe3+ 57. Kxc4 Qf4+ 58. Kb5 Qf5+ 59. Kb6 Qxf3 60. h6 Qb3+ 61. Ka7 Qa4+ 62. Kb7 Qb5+ 63. Rb6 Qd5+ 64. Ka7 Qa5+ 65. Kb7 Qd5+ 66. Kb8 Qd8+ 67. Rc8 Kh7 68. Rb7+ 1-0


[Site "https://www.chess.com"]

[Event "Titled Tuesday Blitz August 22 Late 2023"]
[White "Sargsyan, Shant"]
[Black "Naroditsky, Daniel"]
[WhiteFideId "13306766"]
[BlackFideId "2026961"]
[WhiteElo "2922"]
[BlackElo "3159"]
[Result "1/2-1/2"]
[Round "8"]
[TimeControl "180+1"]
[Date "2023.08.22"]
[WhiteClock "0:01:30"]
[BlackClock "0:01:14"]
[Board "9"]

1. c4 g6 2. Nc3 Bg7 3. d4 d6 4. e4 Nf6 5. Be2 O-O 6. Be3 Na6 7. Nf3 e5 8. O-O c6 9. Re1 Ng4 10. Bg5 Qb6 11. Na4 Qa5 12. h3 Nf6 13. Bd2 Qc7 14. Bf1 exd4 15. Nxd4 Re8 16. Nc3 Nc5 17. Qc2 a5 18. Nb3 Nfd7 19. Rad1 a4 20. Nxc5 Nxc5 21. Bf4 Be5 22. Be3 Qa5 23. Bd2 Qb6 24. Be3 Qa5 25. Bd2 Qb6 26. Be3 Qa5 1/2-1/2


[Site "https://www.chess.com"]

[Event "Titled Tuesday Blitz August 22 Late 2023"]
[White "Firouzja, Alireza"]
[Black "Kravtsiv, Martyn"]
[WhiteFideId "12573981"]
[BlackFideId "14113147"]
[WhiteElo "3082"]
[BlackElo "2897"]
[Result "0-1"]
[Round "8"]
[TimeControl "180+1"]
[Date "2023.08.22"]
[WhiteClock "0:00:00"]
[BlackClock "0:00:29"]
[Board "10"]

1. e4 e5 2. Nf3 Nc6 3. Bb5 a6 4. Ba4 Nf6 5. O-O Be7 6. Re1 b5 7. Bb3 O-O 8. a4 b4 9. d3 d6 10. h3 Na5 11. Ba2 c5 12. Nbd2 Be6 13. c3 Rb8 14. d4 Bxa2 15. Rxa2 exd4 16. cxd4 d5 17. e5 Ne4 18. Nf1 c4 19. Ne3 b3 20. Ra1 c3 21. Qd3 Bb4 22. Nxd5 cxb2 23. Bxb2 Nxf2 24. Qf5 Qxd5 25. Ng5 g6 26. Qxf2 f6 27. Ne4 fxe5 28. Nf6+ Rxf6 29. Qxf6 Bxe1 30. Rxe1 Nc4 31. dxe5 Rf8 32. Qxa6 Nxb2 33. e6 Qc5+ 34. Kh1 Qf2 35. Rb1 Qc2 36. Re1 Qc3 37. Re2 Qc4 38. Qxc4 Nxc4 0-1


[Site "https://www.chess.com"]

[Event "Titled Tuesday Blitz August 22 Late 2023"]
[White "Bluebaum, Matthias"]
[Black "Rustemov, Alexander"]
[WhiteFideId "24651516"]
[BlackFideId "4119002"]
[WhiteElo "3029"]
[BlackElo "2874"]
[Result "1-0"]
[Round "8"]
[TimeControl "180+1"]
[Date "2023.08.22"]
[WhiteClock "0:01:07"]
[BlackClock "0:00:00"]
[Board "11"]

1. d4 d5 2. c4 e6 3. Nc3 Nf6 4. cxd5 exd5 5. Bg5 Be7 6. e3 O-O 7. Bd3 h6 8. Bf4 Bd6 9. Bxd6 Qxd6 10. Nge2 c6 11. Qd2 Nbd7 12. f3 Nb6 13. e4 dxe4 14. fxe4 Qe7 15. O-O c5 16. e5 Nfd5 17. Nf4 Be6 18. Nxe6 fxe6 19. Bc2 Rxf1+ 20. Rxf1 Rf8 21. Rxf8+ Kxf8 22. Qf2+ Qf7 23. dxc5 Nd7 24. Nxd5 exd5 25. Qd4 Qe6 26. Bb3 Qxe5 27. Qxe5 Nxe5 28. Bxd5 b6 29. cxb6 axb6 30. Kf2 Nd3+ 31. Ke3 Nxb2 32. Bb3 Ke7 33. Kd4 b5 34. Kc3 Na4+ 35. Bxa4 bxa4 36. Kb4 Kd6 37. Kxa4 Kc5 38. Kb3 g5 39. g4 Kd4 40. a4 1-0


[Site "https://www.chess.com"]